 Dungeon Crawl Stone Soup version 0.25.1-2-g60ff931df9 (webtiles) character file.

Game seed: 9261620252651670969

18726 sweetbreads the Nimble (level 12, -5/81 HPs)
             Began as a Kobold Berserker on Nov 28, 2020.
             Was a High Priest of Trog.
             Slain by a death yak (22 damage)
             ... on level 4 of the Lair of Beasts on Nov 29, 2020.
             The game lasted 01:07:34 (17216 turns).

sweetbreads the Nimble (Kobold Berserker)          Turns: 17216, Time: 01:07:35

Health: -5/81      AC: 12    Str: 16    XL:     12   Next: 98%
Magic:  12/12      EV: 27    Int: 14    God:    Trog [*****.]
Gold:   949        SH:  0    Dex: 18    Spells: 11/11 levels left

rFire    . . .     SeeInvis .   a - +2 dagger (speed)
rCold    . . .     Gourm    .   (shield restricted)
rNeg     . . .     Faith    .   I - +2 steam dragon scales
rPois    .         Spirit   .   (no helmet)
rElec    .         Reflect  .   h - +0 cloak
rCorr    .         Harm     .   y - +0 pair of gloves
MR       ++...                  J - +2 pair of boots
Stlth    ++++++....             (no amulet)
HPRegen  1.23/turn              S - +6 ring of intelligence
MPRegen  0.13/turn              t - ring of wizardry

@: berserk cooldown, regenerating, slowed, very slow
A: small, carnivore
a: Berserk, Trog's Hand, Brothers in Arms, Renounce Religion


You were on level 4 of the Lair of Beasts.
You worshipped Trog.
Trog was extremely pleased with you.
You were very full.

You visited 3 branches of the dungeon, and saw 16 of its levels.
You also visited: Ossuary.

You collected 1046 gold pieces.
You spent 97 gold pieces at shops.

Inventory:

Hand Weapons
 a - a +2 dagger of speed (weapon)
 b - a +0 dagger of venom
Missiles
 p - 2 throwing nets (quivered)
 R - 21 poisoned darts
Armour
 h - a +0 cloak (worn)
 k - a +2 robe
 y - a +0 pair of gloves (worn)
 I - +2 steam dragon scales (worn)
 J - a +2 pair of boots (worn)
 O - a +1 robe of cold resistance
Jewellery
 t - a ring of wizardry (right hand)
 S - a +6 ring of intelligence (left hand)
Wands
 r - a wand of iceblast (6)
 x - a wand of random effects (17)
 D - a wand of clouds (7)
 E - a wand of enslavement (7)
 G - a wand of flame (20)
 T - a wand of polymorph (12)
 W - a wand of paralysis (10)
Scrolls
 d - 12 scrolls of remove curse
 f - 5 scrolls of teleportation
 g - 6 scrolls of identify
 j - 4 scrolls of blinking
 l - a scroll of enchant weapon
 n - 3 scrolls of fear
 s - 2 scrolls of enchant armour
 v - a scroll of holy word {unknown}
 w - 2 scrolls of fog
 M - 2 scrolls of magic mapping
Potions
 e - 3 potions of stabbing
 i - 3 potions of haste
 m - a potion of heal wounds
 o - 3 potions of flight
 q - 2 potions of magic
 u - 6 potions of curing
 z - a potion of berserk rage {unknown}
 A - 2 potions of might
 B - a potion of cancellation {unknown}
 F - 2 potions of ambrosia
 L - 2 potions of resistance {unknown}
Comestibles
 c - 25 rations
 C - 2 chunks of flesh


   Skills:
 + Level 11.8 Fighting
 - Level 10.0 Short Blades
 - Level 2.0 Armour
 + Level 14.4 Dodging
 - Level 14.0 Stealth


You had 11 spell levels left.
You didn't know any spells.
Your spell library was empty.

Dungeon Overview and Level Annotations

Branches:
Dungeon (10/15)            Temple (1/1) D:6            Lair (5/6) D:9
 Shoals (0/4) Lair:4       Spider (0/4) Lair:4          Orc (0/2) D:9
Ossuary (visited)
  Slime: Lair:5-6

Altars:
Ashenzari
Cheibriados
Dithmenos
Elyvilon
Fedhas
Gozag
Hepliaklqana
Kikubaaqudgha
Makhleb
Nemelex Xobeh
Okawaru
Qazlal
Ru
Sif Muna
Trog
Uskayaw
Vehumet
Wu Jian
Xom
Yredelemnul
Zin
The Shining One

Shops:
D:5 %   D:7 *   D:9 }

Annotations:
D:10 2 runed translucent doors, Anlio's ghost, journeyman GrFi; Maurice
Lair:1 exclusion: oklob plant
Lair:4 1 runed translucent door, rozman's ghost, journeyman MiMo


Innate Abilities, Weirdness & Mutations

You are small and have problems with some larger weapons.
You are carnivorous and can eat meat at any time.


Message History

The death yak is severely wounded.
You hit the death yak but do no damage.
The death yak is severely wounded.
The death yak gores you.
* * * LOW HITPOINT WARNING * * *
You hit the death yak but do no damage.
The death yak is severely wounded.
The death yak gores you!
* * * LOW HITPOINT WARNING * * *
You feel much better. The death yak closely misses you.
You hit the death yak but do no damage.
The death yak is severely wounded.
The death yak gores you!
* * * LOW HITPOINT WARNING * * *
You hit the death yak but do no damage.
The death yak is severely wounded.
You hit the death yak but do no damage.
The death yak is severely wounded.
The death yak gores you!!
You die...

#..#.##.# ##...(..
#.......# ###.......
##.......###.........
#........#.#..+.....÷
##............#......
#...h...P#####......
#...Y>÷..# #......
##Y+##...# ##P#...
##@####.# ####.#
##.## ### ###.#.#
#...## #...... ##.#.#
#...... #..###
##..... #..P# #.....
#...# ##..... ##...#
#...... #P...#
##.....


You could see a death yak.

Vanquished Creatures
  Erica (Lair:2)
  Joseph (Lair:1)
  2 black mambas
  2 rime drakes
  10 spiny frogs
  4 komodo dragons
  Maggie (D:6)
  A troll (D:9)
  A polar bear (Lair:4)
  Grinder (D:6)
  5 blink frogs (Lair:4)
  4 hippogriffs
  A snapping turtle (Lair:4)
  Sigmund (D:6)
  A wraith (Ossuary)
  4 basilisks
  16 yaks
  10 porcupines
  6 water moccasins
  4 orc warriors
  2 sky beasts
  A black bear (D:6)
  An ice beast (D:6)
  A phantom (D:6)
  4 ogres
  2 centaurs
  7 wolves
  4 crocodiles (Lair:2)
  A big kobold (D:8)
  9 bullfrogs
  5 scorpions
  4 wights (D:8)
  An electric eel (Lair:1)
  A jelly (D:6)
  5 crimson imps
  A bullfrog zombie (D:8)
  5 hounds
  6 orc priests
  A gnoll shaman (D:4)
  11 orc wizards
  Ijyb (D:5)
  3 iguanas
  6 worker ants
  A big kobold zombie (Ossuary)
  2 hound skeletons
  3 mummies (Ossuary)
  A howler monkey zombie (D:7)
  3 worker ant zombies
  4 gnolls (D:4)
  2 howler monkey skeletons
  16 adders
  3 adder skeletons
  3 worms
  2 dart slugs
  8 leopard geckos
  26 orcs
  4 bats
  7 giant cockroaches
  2 goblins (D:1)
  8 hobgoblins
  12 jackals
  8 kobolds
  2 quokkas
  A ball python (D:1)
  2 frilled lizards
  A gnoll zombie (Ossuary)
  3 goblin zombies (Ossuary)
  4 hobgoblin zombies (Ossuary)
  2 kobold zombies (Ossuary)
  A leopard gecko skeleton (D:4)
  2 quokka zombies
  6 rats
  A rat zombie (D:6)
  A spectral orc (D:9)
299 creatures vanquished.

Vanquished Creatures (collateral kills)
  A two-headed ogre (D:8)
  A porcupine (Lair:4)
  A crocodile (Lair:4)
  A shadow imp (D:8)
4 creatures vanquished.

Vanquished Creatures (others)
  A quokka (D:8)
  A fungus (Lair:5)
2 creatures vanquished.

Grand Total: 305 creatures vanquished

Notes
Turn   | Place    | Note
-------+----------+-------------------------------------------
     0 | D:1      | sweetbreads the Kobold Berserker began the quest for the
                  | Orb.
     0 | D:1      | Reached XP level 1. HP: 14/14 MP: 1/1
   264 | D:1      | Reached XP level 2. HP: 19/19 MP: 2/2
   270 | D:1      | Reached skill level 1 in Stealth
   720 | D:1      | Reached XP level 3. HP: 23/23 MP: 3/3
   725 | D:1      | Reached ** piety under Trog
  1152 | D:2      | Reached XP level 4. HP: 29/29 MP: 4/4
  1794 | D:3      | Found a shattered altar of Ashenzari.
  1981 | D:3      | Found a glowing golden altar of the Shining One.
  2040 | D:3      | Reached XP level 5. HP: 32/33 MP: 5/5
  2465 | D:4      | Reached skill level 5 in Short Blades
  2673 | D:4      | Reached XP level 6. HP: 38/38 MP: 6/6
  3090 | D:4      | Reached *** piety under Trog
  3357 | D:4      | Reached XP level 7. HP: 38/43 MP: 7/7
  3511 | D:5      | Entered Level 5 of the Dungeon
  3518 | D:5      | Noticed Ijyb
  3528 | D:5      | Killed Ijyb
  3531 | D:5      | Reached skill level 5 in Dodging
  3531 | D:5      | Reached skill level 5 in Stealth
  3712 | D:5      | Found Woref's Food Emporium.
  4910 | D:5      | Found a shattered altar of Ashenzari.
  5290 | D:6      | Reached XP level 8. HP: 26/48 MP: 8/8
  5708 | D:6      | Found a sand-covered staircase.
  5753 | Ossuary  | Entered an ossuary
  5753 | Ossuary  | Noticed a wraith
  5753 | Ossuary  | Noticed a wraith
  5753 | Ossuary  | Noticed a wraith
  6300 | Ossuary  | Noticed a wraith
  6320 | Ossuary  | Killed a wraith
  6501 | D:6      | Noticed Grinder
  6509 | D:6      | Killed Grinder
  6642 | D:6      | Noticed Maggie
  6644 | D:6      | Killed Maggie
  6644 | D:6      | Reached XP level 9. HP: 52/52 MP: 9/9
  6674 | D:6      | Found a shimmering altar of Xom.
  6677 | D:6      | Noticed Sigmund
  7193 | D:6      | Found a staircase to the Ecumenical Temple.
  7211 | Temple   | Entered the Ecumenical Temple
  7417 | D:6      | Reached **** piety under Trog
  8047 | D:7      | Reached skill level 10 in Short Blades
  8120 | D:7      | Reached skill level 10 in Stealth
  8295 | D:7      | Reached XP level 10. HP: 58/58 MP: 10/10
  8397 | D:7      | Reached skill level 5 in Fighting
  8455 | D:7      | Found a sparkling altar of Nemelex Xobeh.
  8455 | D:7      | Found an ornate altar of the Wu Jian Council.
  8456 | D:7      | Found a shattered altar of Ashenzari.
  8458 | D:7      | Found a snail-covered altar of Cheibriados.
  8459 | D:7      | Found a hide-covered altar of Uskayaw.
  8584 | D:7      | Found Hakhlob's General Store.
  8601 | D:7      | Bought a scroll of enchant armour for 97 gold pieces
  8786 | D:7      | Found a shimmering altar of Xom.
  8790 | D:7      | Found a shimmering altar of Xom.
  8790 | D:7      | Found a shimmering altar of Xom.
  8791 | D:7      | Found a shimmering altar of Xom.
  8791 | D:7      | Found a shimmering altar of Xom.
  8791 | D:7      | Found a shimmering altar of Xom.
  8874 | D:8      | Found a white marble altar of Elyvilon.
  9021 | D:8      | Reached skill level 10 in Dodging
  9123 | D:8      | Reached ***** piety under Trog
  9198 | D:8      | Found a bloodstained altar of Trog.
  9761 | D:8      | Noticed a two-headed ogre
  9765 | D:8      | Killed a two-headed ogre
  9943 | D:9      | Found Zavoishre's Gadget Boutique.
 10297 | D:9      | Received a gift from Trog
 10298 | D:9      | Got a bloodstained quarterstaff {god gift}
 10300 | D:9      | Identified the +8 quarterstaff "Cagolyt" {antimagic, Str+3}
                  | (Trog gifted it to you on level 9 of the Dungeon)
 10548 | D:9      | Found a sacrificial altar of Ru.
 10561 | D:10     | Entered Level 10 of the Dungeon
 10563 | D:10     | Found a runed translucent gate.
 10564 | D:10     | Found a runed translucent gate.
 10564 | D:10     | Noticed Anlio's ghost (journeyman GrFi)
 10576 | D:10     | Noticed Maurice
 10733 | D:9      | Reached XP level 11. HP: 68/68 MP: 11/11
 10823 | D:9      | Found a staircase to the Orcish Mines.
 10834 | D:9      | Found a staircase to the Lair.
 10994 | D:9      | Found a basalt altar of Yredelemnul.
 11250 | Lair:1   | Entered Level 1 of the Lair of Beasts
 11615 | Lair:1   | Noticed Joseph
 11644 | Lair:1   | Killed Joseph
 11741 | Lair:1   | Got a heavily runed leather armour
 11868 | Lair:1   | Noticed an oklob plant
 12189 | Lair:2   | Identified the +1 leather armour of the Spider Nest {Regen+
                  | Int+3 Dex-5} (You found it on level 1 of the Lair of
                  | Beasts)
 13166 | Lair:2   | Reached XP level 12. HP: 77/77 MP: 12/12
 13297 | Lair:2   | Noticed Erica
 13559 | Lair:3   | Reached skill level 10 in Fighting
 13651 | Lair:2   | Killed Erica
 14230 | D:6      | Killed Sigmund
 15850 | Lair:4   | Found a hole to the Spider Nest.
 16143 | Lair:4   | Found a runed translucent door.
 16143 | Lair:4   | Noticed rozman's ghost (journeyman MiMo)
 16597 | Lair:4   | Found a staircase to the Shoals.
 17004 | Lair:5   | Noticed a death yak
 17055 | Lair:4   | HP: 3/80 [porcupine (12)]
 17216 | Lair:4   | Slain by a death yak

Illustrated notes

Levels and vault maps discovered:
D:1:      sevenhm_arrival_forest_fort_large_2, layout_basic, minmay_tripent
D:2:      layout_loops_ring, first_ration, hangedman_abyss_or_decor_stabs,
          minmay_pentomino_o4
D:3:      layout_rooms, old_standard_altar, ashenzari_altar_1
D:4:      layout_loops_ring, minmay_misc_feat_columns, minmay_pentomino_pile
D:5:      layout_gridville, serial_shops, nicolae_shop_trees, basic_altar,
          uniq_ijyb
D:6:      layout_basic, kennysheep_mini, temple_fountains, enter_ossuary_4,
          uniq_maggie, uniq_sigmund, uniq_grinder
D:7:      layout_rooms, grunt_temple_overflow_open, serial_shops, shop,
          grunt_ogre_cave, xom_shifter_show
D:8:      layout_basic, lemuel_crystal_altar, elyvilon_altar_4
D:9:      layout_gridville, old_standard_altar,
          yredelemnul_forgotten_temple_becter, lair_entry_dummy, orc_0_dummy,
          serial_shops, shop, chequers_mini_garden
D:10:     kb_forest_paths, layout_gridville, gammafunk_ghost_nasty_kobolds,
          fedhas_bush_and_centaur_altar, uniq_maurice
Temple:   nicolae_temple_no_exploring_needed
Lair:1:   layout_gridlike, serial_bayou_shore_a, serial_bayou_shore_b,
          minmay_lair_oklob_chamber, uniq_joseph
Lair:2:   layout_chaotic_city, uniq_erica
Lair:3:   layout_cave_pods, minivault_23
Lair:4:   layout_roguey, minmay_shoals_entry_hut,
          nicolae_spider_entry_non_spiders, hellmonk_ghost_happy_afterlife
Lair:5:   layout_gridlike, gauntlet_entry_generic, basic_altar,
          nicolae_lair_yak_garden, grunt_megastairs_3, lemuel_fruit_tree

Skill      XL: |  1  2  3  4  5  6  7  8  9 10 11 12 |
---------------+-------------------------------------+-----
Stealth        | 1 2 3 4 6 8 10 12 14 | 14.0
Armour         | 2 |  2.0
Dodging        | 3 4 5 7 9 11 12 14 | 14.4
Fighting       | 4 8 9 11 | 11.8
Short Blades   | 5 6 7 8 10 | 10.0

Action                   |  1- 3 |  4- 6 |  7- 9 | 10-12 || total
-------------------------+-------+-------+-------+-------++-------
Melee: Short sword       |    82 |   182 |   151 |       ||   415
       Dagger            |       |       |   358 |  1106 ||  1464
Invok: Berserk           |     5 |     5 |    16 |    32 ||    58
       Trog's Hand       |       |     2 |     1 |     4 ||     7
       Brothers in Arms  |       |       |       |     2 ||     2
Evoke: Wand              |       |       |       |     2 ||     2
  Use: Scroll            |       |       |    15 |    11 ||    26
       Potion            |       |       |       |     4 ||     4
 Stab: Sleeping          |     2 |     8 |    18 |    29 ||    57
       Distracted        |       |       |     1 |     1 ||     2
  Eat: Chunk             |    13 |    12 |    29 |    59 ||   113
Armor: Animal skin       |    19 |    28 |    12 |       ||    59
       Steam dragon scal |       |       |    26 |    60 ||    86
Dodge: Dodged            |    53 |   185 |   256 |   509 ||  1003
